 Dungeon Crawl Stone Soup version 0.20-a0-876-g2c7b0bf (console) character file.

102 nht the Insei (level 4, -4/39 HPs)
             Began as a Hill Orc Monk on Mar 15, 2017.
             Was a Follower of Okawaru.
             Killed by nerve-wracking pain
             ... invoked by Grinder
              (11 damage)
             ... while paralysed by Grinder
             ... on level 3 of the Dungeon.
             The game lasted 00:02:42 (1507 turns).

nht the Insei (Hill Orc Monk)                       Turns: 1507, Time: 00:02:43

Health: -4/39      AC:  4    Str: 13    XL:     4   Next: 77%
Magic:  3/4        EV:  2    Int: 11    God:    Okawaru [*.....]
Gold:   135        SH:  0    Dex: 18    Spells: 3/3 levels left

rFire    . . .     SeeInvis .     - Unarmed
rCold    . . .     Gourm    .   a - +1 robe
rNeg     . . .     Faith    .   (no shield)
rPois    .         Spirit   .   (no helmet)
rElec    .         Reflect  .   e - +0 cloak
rCorr    .         Harm     .   (no gloves)
MR       .....     Rnd*Tele +   (no boots)
Stlth    +++.......             (no amulet)
Regen    0.2/turn               d - ring of teleportation (curse)
MPRegen  0.1/turn               h - ring of wizardry

@: paralysed, agile, very slightly contaminated, hasted
A: no striking features
a: Heroism, Renounce Religion


You were on level 3 of the Dungeon.
You worshipped Okawaru.
Okawaru was aware of your devotion.
You were not hungry.

You visited 1 branch of the dungeon, and saw 3 of its levels.

You collected 135 gold pieces.

Inventory:

Armour
 a - a +1 robe (worn)
 e - a +0 cloak (worn)
Jewellery
 d - a cursed ring of teleportation (right hand)
 h - a ring of wizardry (left hand)
Scrolls
 j - 2 scrolls of identify {unknown}
Potions
 k - a potion of might {unknown}
Books
 l - a book of Minor Magic

   Spells                             Type                      Level
   a - Magic Dart                     Conjuration                  1
   b - Blink                          Translocation                2
   c - Call Imp                       Summoning                    2
   d - Slow                           Hexes                        2
   e - Conjure Flame                  Conjuration/Fire             3
   f - Mephitic Cloud                 Conjuration/Poison/Air       3
Comestibles
 b - a bread ration
 c - 3 meat rations
 f - 5 chunks of flesh


   Skills:
 - Level 3.6 Fighting
 - Level 2.4 Dodging
 - Level 1.5 Stealth
 * Level 5.7 Unarmed Combat
 + Level 1.0 Invocations


You had 3 spell levels left.
You didn't know any spells.

Dungeon Overview and Level Annotations

Branches:
Dungeon (3/15)

Altars:
Okawaru

Annotations:
D:3 Grinder


Message History

You closely miss Grinder.
Grinder is lightly wounded.
You punch Grinder! x2
Grinder is heavily wounded.
Grinder hits you!
* * * LOW HITPOINT WARNING * * *
You writhe in agony.
* * * LOW HITPOINT WARNING * * *
You are too injured to fight recklessly!
It was a potion of agility.
You feel agile all of a sudden.
You feel like a meek peon again. Grinder gestures at you.
You resist with significant effort.
It was a potion of haste.
You feel yourself speed up. Grinder gestures at you.
You suddenly lose the ability to move!
You are very lightly contaminated with residual magic.
Grinder gestures at you. Pain shoots through your body!
You die...

█.█ ..█
████████.█
█........█
█.......█
█.......█
█.......█
█.......█████████
█.......5@......█
█%...((.███████..
█.......█
█.......█


█████████ You could see Grinder.

Vanquished Creatures
  3 adders
  An ooze (D:2)
  A worm (D:1)
  2 leopard geckos (D:2)
  3 orcs (D:3)
  A ball python (D:2)
  4 giant cockroaches
  10 goblins
  7 hobgoblins
  3 jackals (D:3)
  8 kobolds
  4 quokkas
  2 bats
  3 frilled lizards
  7 rats
59 creatures vanquished.

Notes
Turn   | Place    | Note
-------+----------+-------------------------------------------
     0 | D:1      | nht the Hill Orc Monk began the quest for the Orb.
     0 | D:1      | Reached XP level 1. HP: 19/19 MP: 1/1
    70 | D:1      | Reached XP level 2. HP: 15/26 MP: 2/2
   118 | D:1      | Reached skill level 4 in Unarmed Combat
   458 | D:2      | Reached XP level 3. HP: 17/31 MP: 3/3
   677 | D:2      | Reached skill level 5 in Unarmed Combat
   947 | D:2      | Reached XP level 4. HP: 30/39 MP: 4/4
  1389 | D:3      | Found an iron altar of Okawaru.
  1411 | D:3      | Became a worshipper of Warmaster Okawaru
  1411 | D:3      | Reached * piety under Okawaru
  1411 | D:3      | Reached ** piety under Okawaru
  1443 | D:3      | Reached skill level 1 in Invocations
  1482 | D:3      | Noticed Grinder
  1506 | D:3      | Paralysed by Grinder for 6 turns
  1507 | D:3      | Killed from afar by Grinder

Vault maps used:
D:1:      dpeg_arrival_simpleton_b
D:3:      overflow_temple_1_default, kennysheep_vampire_church, okawaru_trees_2,
          uniq_grinder, uniq_robin

Skill      XL: |  1  2  3  4 |
---------------+-------------+-----
Unarmed Combat | 4 5 |  5.7
Invocations    | 1 |  1.0
Fighting       | |  3.6
Dodging        | |  2.4
Stealth        | |  1.5

Action                   |  1- 3 |  4- 6 || total
-------------------------+-------+-------++-------
Melee: Unarmed           |   156 |    84 ||   240
       Punch             |     2 |     1 ||     3
Invok: Heroism           |       |     2 ||     2
  Use: Scroll            |     6 |       ||     6
       Potion            |       |     2 ||     2
 Stab: Sleeping          |     3 |     2 ||     5
  Eat: Chunk             |       |     2 ||     2
Armor: Robe              |    35 |    10 ||    45
Dodge: Dodged            |   110 |    48 ||   158
